 Dungeon Crawl Stone Soup version 0.22.1-2-g9c5b331383 (webtiles) character file.

3031 Revguard the Magician (level 9, -1/94 HPs)
             Began as a Pale Draconian Air Elementalist on Dec 2, 2018.
             Was a Believer of Vehumet.
             Slain by an orc warrior
             ... wielding a +0 halberd
              (7 damage)
             ... on level 8 of the Dungeon.
             The game lasted 00:42:20 (8510 turns).

Revguard the Magician (DrAE)                        Turns: 8510, Time: 00:42:20

Health: -1/94      AC: 24    Str:  9    XL:     9   Next: 56%
Magic:  3/18       EV:  2    Int: 19    God:    Vehumet [**....]
Gold:   471        SH:  0    Dex: 16    Spells: 2/20 levels left

rFire    + . .     SeeInvis .   q - +1 quarterstaff
rCold    . . .     Gourm    .   (shield currently unavailable)
rNeg     + + +     Faith    .   (armour unavailable)
rPois    +         Spirit   .   (helmet currently unavailable)
rElec    .         Reflect  .   (cloak currently unavailable)
rCorr    .         Harm     .   (gloves currently unavailable)
MR       +....     NoTele   +   (boots currently unavailable)
Stlth    +++.......             (no amulet)
HPRegen  0.25/turn              h - ring of protection from fire
MPRegen  0.16/turn              (no ring)

@: agile, tree-form, very slightly contaminated, drained
A: (breathe steam), unfitting armour, magic resistance 1, weak 1, MP-powered
wands, AC +7
a: Renounce Religion


You were on level 8 of the Dungeon.
You worshipped Vehumet.
Vehumet was pleased with you.
You were not hungry.
You were a tree.
You visited 2 branches of the dungeon, and saw 9 of its levels.
You also visited: Sewer.

You collected 471 gold pieces.

Inventory:

Hand Weapons
 q - a +1 quarterstaff (weapon)
Armour
 g - a +2 pair of gloves (melded)
Jewellery
 d - an uncursed amulet of harm
 h - a ring of protection from fire (left branch)
Wands
 l - a wand of enslavement (17)
 r - a wand of random effects (26)
 t - a wand of paralysis (13)
Scrolls
 c - 2 scrolls of noise
 e - a scroll of enchant weapon
 i - a scroll of immolation {unknown}
 j - 3 scrolls of teleportation
 n - 5 scrolls of remove curse
 p - a scroll of fog
 u - a scroll of enchant armour
 v - a scroll of acquirement {unknown}
Potions
 a - 2 potions of haste
 f - 4 potions of flight
 k - a potion of brilliance
Comestibles
 b - 10 rations


   Skills:
 - Level 0.5(0.0) Fighting
 * Level 5.6(4.4) Staves
 + Level 3.6(2.5) Dodging
 - Level 2.0(0.9) Stealth
 - Level 0.5(0.0) Unarmed Combat
 + Level 6.3(5.1) Spellcasting
 + Level 4.9(3.8) Conjurations
 * Level 3.4(2.3) Charms
 * Level 3.9(2.8) Necromancy
 + Level 6.2(5.0) Air Magic
 + Level 1.6(0.5) Evocations


You had 2 spell levels left.
You knew the following spells:

 Your Spells              Type           Power        Failure   Level  Hunger
a - Shock                 Conj/Air       ###.         1%          1    None
b - Swiftness             Chrm/Air       ###.....     4%          2    #......
c - Static Discharge      Conj/Air       ###.....     6%          3    ##.....
d - Airstrike             Air            ###.......   16%         4    ####...
e - Regeneration          Chrm/Necr      ##........   13%         3    ##.....
f - Lightning Bolt        Conj/Air       ###.......   50%         5    ######.

Your spell library contained the following spells:

 Spells                   Type           Power        Failure   Level  Hunger
 Sandblast                Erth           #.....       12%         1    None
 Magic Dart               Conj           ###.         2%          1    None
 Animate Skeleton         Necr           N/A          3%          1    None
 Pain                     Necr           ###.         3%          1    None
 Blink                    Tloc           N/A          19%         2    #......
 Call Imp                 Summ           #.......     19%         2    #......
 Slow                     Hex            #.......     19%         2    #......
 Mephitic Cloud           Conj/Pois/Air  ###.....     11%         3    ##.....
 Vampiric Draining        Necr           ###.......   12%         3    ##.....
 Conjure Flame            Conj/Fire      ##......     17%         3    ##.....
 Animate Dead             Necr           N/A          36%         4    ####...


Dungeon Overview and Level Annotations

Branches:
Dungeon (8/15)             Temple (1/1) D:4
   Lair: D:8-11

Altars:
Ashenzari
Cheibriados
Dithmenos
Elyvilon
Fedhas
Gozag
Hepliaklqana
Kikubaaqudgha
Makhleb
Okawaru
Qazlal
Ru
Sif Muna
Trog
Uskayaw
Vehumet
Wu Jian
Xom
Yredelemnul
Zin
The Shining One

Shops:
D:5 }   D:7 %


Innate Abilities, Weirdness & Mutations

((You can breathe blasts of scalding, opaque steam.))
((Your pale cyan-grey scales are hard. (AC +7)))
You cannot fit into any form of body armour.
((You are cold-blooded and may be slowed by cold attacks.))
((You have sharp toenails.))
You are resistant to hostile enchantments. (MR+)
You are weak. (Str -2)
You expend magic power (3 MP) to strengthen your wands.


Message History

Aiming: Shock (safe; 1% risk of failure)
Press: ? - help, Shift-Dir - straight line The zap hits the orc warrior.
The orc warrior is heavily wounded.
The orc warrior hits you from afar with a halberd.
* * * LOW HITPOINT WARNING * * *
Casting: Shock (safe; 1% risk of failure)
Confirm with . or Enter, or press ? or * to list all spells.
Aiming: Shock (safe; 1% risk of failure)
Press: ? - help, Shift-Dir - straight line The zap hits the orc warrior.
The orc warrior appears unharmed.
The orc warrior is heavily wounded.
The orc warrior hits you but does no damage.
Casting: Shock (safe; 1% risk of failure)
Confirm with . or Enter, or press ? or * to list all spells.
Aiming: Shock (safe; 1% risk of failure)
Press: ? - help, Shift-Dir - straight line The zap misses the orc warrior.
The orc warrior hits you from afar with a halberd!
You die...

#.#################
#..................
.................
##.........#...
#.##......#.###
#.##...)......#####
#.#########.#.....#
#.# #.#####.# #..
#..o)♣..# ###
#.####### #.. ##. .


You could see an orc warrior.

Vanquished Creatures
  Joseph (D:7)
  A spriggan (D:7)
  A wraith (D:8)
  Eustachio (D:5)
  An orc warrior (D:7)
  2 ice beasts (D:7)
  A black bear (D:8)
  A necrophage (D:6)
  An ogre (D:5)
  A centaur (D:6)
  A big kobold (Sewer)
  4 bullfrogs
  A scorpion (D:8)
  3 killer bees (D:7)
  A howler monkey (D:4)
  4 crimson imps
  5 hounds
  5 orc wizards
  5 orc priests
  A bullfrog skeleton (D:8)
  A centaur skeleton (D:4)
  Terence (D:2)
  4 iguanas
  3 worker ants
  A howler monkey zombie (D:5)
  2 worker ant zombies
  4 adders
  3 shadow imps
  An adder skeleton (D:7)
  4 worms
  2 leopard geckos
  42 orcs
  2 ball pythons
  5 giant cockroaches
  9 goblins
  9 hobgoblins
  5 jackals
  7 quokkas
  5 bats
  5 frilled lizards
  6 kobolds
  14 rats
176 creatures vanquished.

Vanquished Creatures (collateral kills)
  An orc priest (D:3)
  An orc (D:3)
2 creatures vanquished.

Vanquished Creatures (others)
  An orc wizard (D:3)
1 creature vanquished.

Grand Total: 179 creatures vanquished

Notes
Turn   | Place    | Note
-------+----------+-------------------------------------------
     0 | D:1      | Revguard the Draconian Air Elementalist began the quest for
                  | the Orb.
     0 | D:1      | Reached XP level 1. HP: 14/14 MP: 3/3
   435 | D:1      | Reached XP level 2. HP: 20/20 MP: 3/5
   440 | D:1      | Learned a level 2 spell: Swiftness
  1283 | D:2      | Reached XP level 3. HP: 21/27 MP: 0/6
  1613 | D:2      | Learned a level 3 spell: Static Discharge
  1747 | D:2      | Noticed Terence
  1764 | D:2      | Killed Terence
  1764 | D:2      | Reached XP level 4. HP: 24/34 MP: 0/9
  2234 | D:3      | Found a transporter.
  2250 | D:3      | Found a transporter.
  2509 | D:3      | Reached XP level 5. HP: 26/39 MP: 10/10
  2692 | D:3      | Gained mutation: Your body sometimes deteriorates upon
                  | taking damage. [potion of mutation]
  2692 | D:3      | Gained mutation: You are dopey. (Int -2) [potion of
                  | mutation]
  2692 | D:3      | Gained mutation: Your tail ends in a poisonous barb.
                  | [potion of mutation]
  3058 | D:3      | Reached skill level 1 in Evocations
  3092 | D:3      | Found a stormy altar of Qazlal.
  3343 | D:3      | Found a glowing golden altar of the Shining One.
  3413 | D:3      | Learned a level 4 spell: Airstrike
  3549 | D:3      | Found a shattered altar of Ashenzari.
  3596 | D:3      | Reached XP level 6. HP: 40/46 MP: 1/12
  3718 | D:3      | Found an iron altar of Okawaru.
  3803 | D:3      | Found an ornate altar of the Wu Jian Council.
  4674 | D:4      | Found a staircase to the Ecumenical Temple.
  4680 | Temple   | Entered the Ecumenical Temple
  4702 | Temple   | Became a worshipper of Vehumet
  4779 | D:4      | Found a hazy altar of Hepliaklqana.
  4803 | D:4      | Found a glowing silver altar of Zin.
  5190 | D:5      | Entered Level 5 of the Dungeon
  5190 | D:5      | Found a shimmering altar of Xom.
  5195 | D:5      | Your scales start taking on a pale cyan-grey colour.
  5195 | D:5      | Reached XP level 7. HP: 51/51 MP: 0/14
  5267 | D:5      | Learned a level 3 spell: Regeneration
  5283 | D:5      | Noticed Eustachio
  5306 | D:5      | Killed Eustachio
  5306 | D:5      | Reached skill level 1 in Staves
  5306 | D:5      | Reached skill level 5 in Spellcasting
  5306 | D:5      | Reached skill level 5 in Air Magic
  5487 | D:5      | Reached skill level 1 in Necromancy
  5495 | D:5      | Found Dawnukk's Gadget Shoppe.
  5998 | D:6      | Reached skill level 1 in Charms
  6129 | D:6      | Lost mutation: Your tail ends in a poisonous barb. [potion
                  | of mutation]
  6129 | D:6      | Lost mutation: You are dopey. (Int -2) [potion of mutation]
  6129 | D:6      | Lost mutation: Your body sometimes deteriorates upon taking
                  | damage. [potion of mutation]
  6129 | D:6      | Gained mutation: You are weak. (Str -2) [potion of
                  | mutation]
  6129 | D:6      | Gained mutation: You have sharp toenails. [potion of
                  | mutation]
  6129 | D:6      | Gained mutation: You are resistant to hostile enchantments.
                  | (MR+) [potion of mutation]
  6129 | D:6      | Gained mutation: You expend magic power (3 MP) to
                  | strengthen your wands. [potion of mutation]
  6251 | D:6      | Found a blossoming altar of Fedhas.
  6316 | D:6      | Reached XP level 8. HP: 47/56 MP: 1/15
  6322 | D:6      | Found a glowing drain.
  6331 | Sewer    | Entered a sewer
  6335 | Sewer    | Reached * piety under Vehumet
  6335 | Sewer    | Offered knowledge of Freeze by Vehumet.
  6449 | Sewer    | Found a glowing silver altar of Zin.
  6756 | D:6      | Found a hide-covered altar of Uskayaw.
  7234 | D:7      | Found Kok Elui's Food Boutique.
  7236 | D:7      | Noticed Joseph
  7282 | D:7      | Killed Joseph
  7282 | D:7      | Reached XP level 9. HP: 63/63 MP: 2/17
  7414 | D:7      | Reached ** piety under Vehumet
  7416 | D:7      | Offered knowledge of Sandblast by Vehumet.
  7531 | D:7      | Found a deep blue altar of Sif Muna.
  7621 | D:7      | Reached skill level 5 in Staves
  7629 | D:7      | Learned a level 5 spell: Lightning Bolt
  7683 | D:7      | Found a shattered altar of Ashenzari.
  7688 | D:7      | Found a shimmering altar of Xom.
  7688 | D:7      | Found a sparkling altar of Nemelex Xobeh.
  7694 | D:7      | Found an opulent altar of Gozag.
  7694 | D:7      | Found a snail-covered altar of Cheibriados.
  7694 | D:7      | Found a stormy altar of Qazlal.
  8172 | D:8      | Found a sacrificial altar of Ru.
  8510 | D:8      | Slain by an orc warrior

Skill      XL: |  1  2  3  4  5  6  7  8  9 |
---------------+----------------------------+-----
Stealth        | 2 |  2.0
Spellcasting   | 3 4 5 6 |  6.3
Dodging        | 2 3 |  3.6
Conjurations   | 2 3 4 |  4.9
Evocations     | 1 |  1.6
Air Magic      | 4 5 6 |  6.2
Staves         | 2 4 5 |  5.6
Necromancy     | 1 3 |  3.9
Charms         | 1 2 3 |  3.4
Fighting       | |  0.5
Unarmed Combat | |  0.5

Action                   |  1- 3 |  4- 6 |  7- 9 || total
-------------------------+-------+-------+-------++-------
Melee: Unarmed           |    59 |    71 |       ||   130
       Tailslap          |     5 |    10 |     9 ||    24
       Punch             |       |     3 |       ||     3
       Quarterstaff      |       |     3 |   184 ||   187
       Kick              |       |       |    18 ||    18
 Cast: Shock             |    73 |   109 |    72 ||   254
       Swiftness         |     2 |       |       ||     2
       Static Discharge  |     1 |    15 |    50 ||    66
       Regeneration      |       |       |     5 ||     5
       Airstrike         |       |       |     4 ||     4
       Lightning Bolt    |       |       |     3 ||     3
 Abil: Breathe Steam     |       |       |     3 ||     3
Evoke: Wand              |       |     6 |       ||     6
  Use: Scroll            |       |    10 |     3 ||    13
       Potion            |       |     2 |    12 ||    14
 Stab: Distracted        |       |       |     1 ||     1
  Eat: Chunk             |     3 |     7 |     9 ||    19
       Ration            |       |     2 |     2 ||     4
Armor: Skin              |    19 |    40 |   117 ||   176
Dodge: Dodged            |    33 |    91 |   175 ||   299
